 Dungeon Crawl Stone Soup version 0.23.1 (webtiles) character file.

Game seed: 239367367074765836

161 redwoodhats the Skirmisher (level 5, 0/57 HPs)
             Began as an Ogre Monk on Mar 10, 2019.
             Slain by Sigmund
             ... wielding a +0 scythe
              (1 damage)
             ... on level 4 of the Dungeon.
             The game lasted 00:12:54 (3066 turns).

redwoodhats the Skirmisher (Ogre Monk)              Turns: 3066, Time: 00:12:55

Health: 0/57       AC:  4    Str: 15      XL:     5   Next: 42%
Magic:  5/5        EV:  8    Int:  9 (11) God:
Gold:   114        SH:  6    Dex: 11 (12) Spells: 4/4 levels left

rFire    . . .     SeeInvis .   a - +1 spear
rCold    . . .     Gourm    .   l - +0 shield
rNeg     . . .     Faith    .   b - +1 robe
rPois    .         Spirit   .   (helmet restricted)
rElec    .         Reflect  .   (no cloak)
rCorr    .         Harm     .   (gloves unavailable)
MR       .....                  (boots unavailable)
Stlth    ++........             (no amulet)
HPRegen  0.19/turn              (no ring)
MPRegen  0.09/turn              (no ring)

@: no status effects
A: large, unfitting armour, tough skin 1
a: no special abilities


You were on level 4 of the Dungeon.
You were not hungry.

You visited 1 branch of the dungeon, and saw 4 of its levels.

You collected 114 gold pieces.

Inventory:

Hand Weapons
 a - a +1 spear (weapon)
 d - a +0 hunting sling
 i - a +0 hunting sling of flaming
Armour
 b - a +1 robe (worn)
 l - a +0 shield (worn)
Jewellery
 h - a cursed ring of attention {unknown}
Scrolls
 e - 2 scrolls of amnesia {unknown}
 f - a scroll of teleportation
 g - a scroll of remove curse
 j - 3 scrolls of identify
 k - a scroll of fog
Comestibles
 c - 5 rations


   Skills:
 + Level 5.5 Fighting
 + Level 4.2 Polearms
 + Level 3.5 Dodging
 + Level 1.8 Stealth


You had 4 spell levels left.
You didn't know any spells.
Your spell library was empty.

Dungeon Overview and Level Annotations

Branches:
Dungeon (4/15)
 Temple: D:4-7

Altars:
Nemelex Xobeh
Qazlal
Zin

Annotations:
D:4 Sigmund


Innate Abilities, Weirdness & Mutations

You are too large for most types of armour.
You have tough skin. (AC +1)


Message History

You barely miss the giant cockroach. The jackal closely misses you.
You block the giant cockroach's attack. The hound bites you but does no damage.
The ball python skeleton bites you.
* * * LOW HITPOINT WARNING * * *
The jackal bites you but does no damage.
Unknown command.
You hit the giant cockroach.
You kill the giant cockroach!
The hound bites you but does no damage.
Sigmund gestures wildly while chanting.
Sigmund flickers and vanishes!
Deactivating autopickup; reactivate with Ctrl-A.
The ball python skeleton closely misses you.
The jackal bites you.
* * * LOW HITPOINT WARNING * * *
You block the hound's attack. The jackal bites you.
* * * LOW HITPOINT WARNING * * *
Something hits you.
You die...

## .... #..
######....
#...##....$...
....#.......#
.........h.##
.........{..#.##
.......hh.......
..⌠.⌠..h@.#
..._..Z...#
#.⌠.⌠#.......
##..#........#
#...>......##
#...........#
##..........#
#.......#.##


You could see a hound, 3 jackals and a ball python skeleton.

Vanquished Creatures
  3 gnolls (D:3)
  4 adders
  An ooze (D:3)
  A worm (D:3)
  3 dart slugs
  5 leopard geckos
  8 orcs (D:3)
  A giant cockroach (D:4)
  8 goblins
  6 hobgoblins
  6 kobolds
  3 quokkas
  2 ball pythons (D:3)
  5 bats
  4 frilled lizards (D:1)
  11 rats
71 creatures vanquished.

Notes
Turn   | Place    | Note
-------+----------+-------------------------------------------
     0 | D:1      | redwoodhats the Ogre Monk began the quest for the Orb.
     0 | D:1      | Reached XP level 1. HP: 24/24 MP: 1/1
    80 | D:1      | Reached XP level 2. HP: 17/33 MP: 2/2
   442 | D:1      | Reached XP level 3. HP: 17/40 MP: 3/3
  1458 | D:3      | Reached XP level 4. HP: 39/49 MP: 4/4
  1623 | D:3      | Reached skill level 5 in Fighting
  2172 | D:3      | Found a stormy altar of Qazlal.
  2198 | D:3      | Found a glowing silver altar of Zin.
  2340 | D:3      | Reached XP level 5. HP: 36/57 MP: 5/5
  3051 | D:4      | Found a sparkling altar of Nemelex Xobeh.
  3051 | D:4      | Noticed Sigmund
  3065 | D:4      | HP: 1/57 [jackal (3)]
  3066 | D:4      | Slain by Sigmund

Skill      XL: |  1  2  3  4 |
---------------+-------------+-----
Dodging        | 3 |  3.5
Fighting       | 5 |  5.5
Polearms       | 4 |  4.2
Stealth        | |  1.8

Action                   |  1- 3 |  4- 6 || total
-------------------------+-------+-------++-------
Melee: Spear             |   157 |   196 ||   353
  Use: Potion            |     6 |     2 ||     8
       Scroll            |     6 |       ||     6
 Stab: Sleeping          |     4 |     1 ||     5
  Eat: Ration            |     1 |     1 ||     2
Armor: Robe              |    55 |    51 ||   106
       Skin              |       |    13 ||    13
Dodge: Dodged            |   116 |   120 ||   236
Block: Shield            |       |    14 ||    14
